 Dungeon Crawl Stone Soup version 0.24.0-123-gd5b16e6ec5 (webtiles) character file.

Game seed: 1970634791019245584, levelgen mode: deterministic

46 Bergy the Cudgeler (level 3, -3/23 HPs)
             Began as a Gargoyle Fighter on Dec 24, 2019.
             Slain by a worm (7 damage)
             ... on level 2 of the Dungeon.
             The game lasted 00:03:04 (1129 turns).

Bergy the Cudgeler (Gargoyle Fighter)               Turns: 1129, Time: 00:03:04

Health: -3/23      AC: 10    Str: 25    XL:     3   Next: 66%
Magic:  3/3        EV:  7    Int:  8    God:
Gold:   37         SH:  9    Dex:  9    Spells: 2/2 levels left

rFire    . . .     SeeInvis .   a - +0 flail
rCold    . . .     Gourm    .   c - +0 shield
rNeg     + . .     Faith    .   b - +0 scale mail
rPois    ∞         Spirit   .   (no helmet)
rElec    +         Reflect  .   (no cloak)
rCorr    .         Harm     .   (no gloves)
MR       .....                  (no boots)
Stlth    ..........             (no amulet)
HPRegen  0.07/turn              (no ring)
MPRegen  0.08/turn              (no ring)

@: mighty
A: negative energy resistance 1, electricity resistance, unbreathing,
petrification resistance, rot immunity, AC +3
a: no special abilities


You were on level 2 of the Dungeon.
You were hungry.

You visited 1 branch of the dungeon, and saw 2 of its levels.

You collected 37 gold pieces.

Inventory:

Hand Weapons
 a - a +0 flail (weapon)
Armour
 b - a +0 scale mail (worn)
 c - a +0 shield (worn)
 i - a cursed +0 buckler
 k - a scarf of resistance
 o - a +0 crystal plate armour
 q - a +1 pair of gloves
Jewellery
 h - an uncursed ring of positive energy {unknown}
 m - a +5 ring of evasion {unknown}
Scrolls
 e - 2 scrolls of enchant weapon {unknown}
 g - 2 scrolls of identify {unknown}
 n - a scroll of teleportation {unknown}
 p - a scroll of enchant armour {unknown}
Potions
 j - a potion of heal wounds {unknown}
Comestibles
 f - 4 rations
 l - a chunk of flesh


   Skills:
 - Level 3.2 Fighting
 * Level 3.9 Maces & Flails
 - Level 3.2 Armour
 - Level 3.2 Shields


You had 2 spell levels left.
You didn't know any spells.
Your spell library was empty.

Dungeon Overview and Level Annotations

Branches:
Dungeon (2/15)

Altars:


Innate Abilities, Weirdness & Mutations

You are resistant to torment.
Your stone body is resilient. (AC +3)
You are immune to poison.
You resist negative energy. (rN+)
You are resistant to electric shocks. (rElec)
You can survive without breathing.
You are immune to petrification.
You are immune to rotting.


Message History

You miss the adder. The adder bites you. You block the adder's attack.
You closely miss the adder. The adder bites you. You block the worm's attack.
You closely miss the adder. The adder bites you but does no damage.
The worm bites you but does no damage. You block the adder's attack.
You closely miss the adder.
The adder bites you but does no damage. x2
You barely miss the adder. The adder bites you.
You closely miss the adder. The adder closely misses you.
The worm bites you. x2
The adder barely misses you.
You closely miss the adder. The adder bites you but does no damage.
The worm bites you. x2
* * * LOW HITPOINT WARNING * * *
You feel very mighty all of a sudden. The adder bites you but does no damage.
You block the adder's attack.
You barely miss the adder. You block the adder's attack.
The worm barely misses you. The worm bites you but does no damage.
You sock the worm!
The worm is severely wounded.
You block the adder's attack. The adder bites you but does no damage.
The worm bites you!
You die...

#.$.........
..........#
........#
#####...#..###
.............#
#.......# #
#.......#.#
#.Sw......#
#######.@w....###
..............#
######.†......#
#.÷##...## #..#
##.# #..# .#
....# .# ###.##
..


You could see 2 worms and an adder.

Vanquished Creatures
  A gnoll (D:1)
  2 dart slugs (D:1)
  A leopard gecko (D:1)
  4 goblins
  3 hobgoblins (D:1)
  6 jackals (D:1)
  3 kobolds (D:1)
  2 bats (D:1)
  2 frilled lizards (D:1)
  4 rats
28 creatures vanquished.

Notes
Turn   | Place    | Note
-------+----------+-------------------------------------------
     0 | D:1      | Bergy the Gargoyle Fighter began the quest for the Orb.
     0 | D:1      | Reached XP level 1. HP: 14/14 MP: 1/1
   112 | D:1      | Reached XP level 2. HP: 19/19 MP: 2/2
   156 | D:1      | Reached XP level 3. HP: 3/23 MP: 3/3
  1129 | D:2      | Slain by a worm

Levels and vault maps discovered:
D:1:      evilmike_arrival_rings, layout_loops_ring, minmay_misc_feat_square,
          minmay_misc_feat_cross
D:2:      layout_loops_ring, first_ration, chequers_ecumenical_altar_island

Skill      XL: |  1  2 |
---------------+-------+-----
Maces & Flails | 3 |  3.9
Fighting       | |  3.2
Armour         | |  3.2
Shields        | |  3.2

Action                   || total
-------------------------++-------
Melee: Flail             ||    87
  Use: Potion            ||     1
Armor: Scale mail        ||    49
Dodge: Dodged            ||    27
Block: Shield            ||    51
